[ AOE2 MATCH · #505030532 ]
UnrankedBurgundians vs Lithuanians
Player's team · LOSS
[ REPLAY ANALYSIS · EXTRACTED FROM THE RECORDED GAME ]
Feudal
10:01
Castle
26:58
Imperial
—
| APM avg | 55.3 |
| APM peak | 97 |
| eAPM avg | 30.8 |
| Villagers / military | 142 / 132 |
Focus
⚔️ 35.7% · 🌾 64.3%
Scout Cavalry ×75 · Skirmisher ×17 · Archer ×12 · Knight ×9 · Militia ×8 · Monk ×5
Feudal
10:43
Castle
26:44
Imperial
—
| APM avg | 50.8 |
| APM peak | 84 |
| eAPM avg | 26.9 |
| Villagers / military | 99 / 61 |
Focus
⚔️ 32.7% · 🌾 67.3%
Skirmisher ×31 · Scout Cavalry ×15 · Spearman ×7 · Monk ×4 · Militia ×3 · Archer ×1
Match map
Initial resources + every placement click. Lines = walls · curves = elevation contours. ◆ gold · ⬟ stone · ● berries · ✦ relic · ◌ wall gap
Your base· Open — 2t gap
Kurminog's base· Open — 1t gap
Smoothed initial terrain · ◌ = detected wall gap · hover for details
Inputs per minute
— que estas haciendo gonorrea? - - Kurminog
Build order — que estas haciendo gonorrea?
First 150 of 421 actions detected
| 0:02 | Build | House |
| 0:02 | Create | Villager (Male) |
| 0:03 | Build | House |
| 0:04 | Create | Villager (Male) |
| 0:05 | Create | Villager (Male) |
| 0:08 | Create | Villager (Male) |
| 1:43 | Create | Villager (Male) |
| 2:03 | Create | Villager (Male) |
| 2:05 | Create | Villager (Male) |
| 2:21 | Build | Lumber Camp |
| 2:24 | Create | Villager (Male) |
| 2:31 | Create | Villager (Male) |
| 3:36 | Create | Villager (Male) |
| 3:42 | Create | Villager (Male) |
| 3:59 | Create | Villager (Male) |
| 4:15 | Create | Villager (Male) |
| 4:27 | Build | Palisade Wall |
| 4:38 | Build | House |
| 4:59 | Create | Villager (Male) |
| 5:12 | Create | Villager (Male) |
| 5:14 | Create | Villager (Male) |
| 5:16 | Create | Villager (Male) |
| 5:54 | Create | Villager (Male) |
| 6:18 | Create | Villager (Male) |
| 6:47 | Create | Villager (Male) |
| 6:47 | Research | Loom |
| 6:58 | Build | Barracks |
| 7:44 | Build | House |
| 7:51 | Research | Feudal Age |
| 7:51 | Research | Feudal Age |
| 7:51 | Research | Feudal Age |
| 8:21 | Build | Mining Camp |
| 8:26 | Build | House |
| 8:29 | Create | Militia |
| 8:30 | Create | Militia |
| 8:52 | Create | Villager (Male) |
| 9:18 | Build | Mining Camp |
| 9:30 | Build | House |
| 10:01 | Age | Feudal Age |
| 10:06 | Build | Archery Range |
| 10:07 | Create | Villager (Male) |
| 10:09 | Research | Double-Bit Axe |
| 10:24 | Create | Villager (Male) |
| 10:41 | Build | Mill |
| 10:52 | Create | Villager (Male) |
| 11:10 | Create | Archer |
| 11:15 | Build | Archery Range |
| 11:15 | Create | Archer |
| 11:19 | Create | Villager (Male) |
| 11:30 | Create | Skirmisher |
| 11:51 | Create | Archer |
| 12:09 | Create | Archer |
| 12:11 | Build | Farm |
| 12:11 | Create | Villager (Male) |
| 12:19 | Build | House |
| 12:25 | Build | Farm |
| 12:37 | Create | Archer |
| 12:43 | Create | Villager (Male) |
| 12:55 | Build | House |
| 12:56 | Create | Archer |
| 13:09 | Create | Villager (Male) |
| 13:11 | Build | Outpost |
| 13:14 | Create | Villager (Male) |
| 13:15 | Create | Archer |
| 13:20 | Create | Villager (Male) |
| 13:25 | Create | Archer |
| 13:48 | Create | Villager (Male) |
| 13:53 | Create | Villager (Male) |
| 13:56 | Build | Blacksmith |
| 14:32 | Build | Outpost |
| 14:48 | Create | Archer |
| 14:49 | Create | Villager (Male) |
| 14:50 | Build | Farm |
| 14:51 | Build | Farm |
| 14:53 | Research | Fletching |
| 15:02 | Create | Archer |
| 15:50 | Create | Archer |
| 15:51 | Create | Villager (Male) |
| 15:52 | Create | Villager (Male) |
| 15:54 | Build | Farm |
| 16:04 | Research | Padded Archer Armor |
| 16:15 | Build | House |
| 16:16 | Create | Archer |
| 16:17 | Create | Villager (Male) |
| 16:20 | Build | Farm |
| 16:20 | Create | Villager (Male) |
| 16:37 | Build | Outpost |
| 16:43 | Create | Militia |
| 16:43 | Create | Militia |
| 16:50 | Create | Villager (Male) |
| 17:05 | Create | Villager (Male) |
| 17:07 | Build | House |
| 17:13 | Build | Outpost |
| 17:15 | Build | Outpost |
| 17:24 | Research | Man-at-Arms (upgrade) |
| 17:30 | Create | Villager (Male) |
| 17:32 | Create | Villager (Male) |
| 17:49 | Create | Villager (Male) |
| 17:50 | Create | Villager (Male) |
| 17:52 | Build | Farm |
| 18:08 | Build | Farm |
| 18:09 | Create | Villager (Male) |
| 18:21 | Research | Town Watch |
| 18:22 | Create | Villager (Male) |
| 18:34 | Research | Arson |
| 18:35 | Create | Militia |
| 18:49 | Create | Villager (Male) |
| 18:52 | Build | House |
| 18:53 | Build | Outpost |
| 18:59 | Create | Villager (Male) |
| 19:00 | Build | House |
| 19:01 | Create | Villager (Male) |
| 19:26 | Create | Skirmisher |
| 19:26 | Create | Skirmisher |
| 19:30 | Create | Skirmisher |
| 19:33 | Research | Scale Mail Armor |
| 19:42 | Create | Villager (Male) |
| 19:44 | Build | Farm |
| 19:46 | Build | Farm |
| 19:57 | Create | Militia |
| 20:00 | Create | Villager (Male) |
| 20:15 | Create | Skirmisher |
| 20:18 | Create | Villager (Male) |
| 20:23 | Create | Villager (Male) |
| 20:35 | Create | Skirmisher |
| 20:37 | Create | Militia |
| 20:55 | Create | Skirmisher |
| 20:56 | Create | Villager (Male) |
| 20:57 | Create | Villager (Male) |
| 21:08 | Build | Farm |
| 21:13 | Create | Skirmisher |
| 21:36 | Create | Skirmisher |
| 21:37 | Create | Villager (Male) |
| 21:54 | Create | Skirmisher |
| 22:05 | Create | Skirmisher |
| 22:06 | Create | Militia |
| 22:06 | Create | Villager (Male) |
| 22:08 | Build | Farm |
| 22:10 | Build | Farm |
| 22:27 | Create | Skirmisher |
| 22:29 | Create | Villager (Male) |
| 22:31 | Create | Villager (Male) |
| 22:41 | Create | Skirmisher |
| 22:41 | Create | Villager (Male) |
| 22:55 | Build | Stable |
| 23:18 | Create | Villager (Male) |
| 23:35 | Build | Market |
| 23:58 | Create | Scout Cavalry |
| 23:58 | Create | Scout Cavalry |
| 23:59 | Build | House |
Build order — Kurminog
First 150 of 260 actions detected
| 0:01 | Create | Villager (Male) |
| 0:01 | Create | Villager (Male) |
| 0:03 | Build | House |
| 0:04 | Build | House |
| 0:26 | Create | Villager (Male) |
| 0:50 | Create | Villager (Male) |
| 0:51 | Create | Villager (Male) |
| 1:52 | Create | Villager (Male) |
| 2:08 | Create | Villager (Male) |
| 2:48 | Build | Barracks |
| 2:56 | Create | Villager (Male) |
| 3:26 | Create | Villager (Male) |
| 3:34 | Build | House |
| 3:43 | Create | Militia |
| 3:44 | Create | Militia |
| 4:09 | Create | Villager (Male) |
| 4:26 | Create | Militia |
| 4:57 | Create | Villager (Male) |
| 5:16 | Build | House |
| 5:23 | Create | Villager (Male) |
| 5:30 | Build | Lumber Camp |
| 5:51 | Build | House |
| 5:57 | Create | Villager (Male) |
| 6:23 | Build | House |
| 6:24 | Create | Villager (Male) |
| 6:53 | Create | Villager (Male) |
| 7:11 | Create | Villager (Male) |
| 7:37 | Create | Villager (Male) |
| 7:38 | Build | Mill |
| 8:05 | Create | Villager (Male) |
| 8:26 | Research | Feudal Age |
| 8:26 | Research | Feudal Age |
| 8:26 | Research | Feudal Age |
| 9:32 | Create | Villager (Male) |
| 10:03 | Build | House |
| 10:39 | Create | Villager (Male) |
| 10:43 | Age | Feudal Age |
| 10:45 | Create | Villager (Male) |
| 10:49 | Build | Stable |
| 11:05 | Create | Villager (Male) |
| 11:13 | Create | Villager (Male) |
| 11:18 | Create | Villager (Male) |
| 11:22 | Build | Palisade Wall |
| 11:23 | Build | Palisade Wall |
| 11:25 | Build | Palisade Wall |
| 11:33 | Create | Villager (Male) |
| 11:43 | Build | Palisade Wall |
| 11:45 | Build | Palisade Wall |
| 11:50 | Build | Palisade Wall |
| 12:01 | Create | Villager (Male) |
| 12:17 | Build | House |
| 12:24 | Build | Archery Range |
| 12:32 | Create | Villager (Male) |
| 12:48 | Create | Villager (Male) |
| 12:53 | Build | Blacksmith |
| 13:02 | Create | Skirmisher |
| 13:05 | Create | Spearman |
| 13:10 | Research | Horse Collar |
| 13:14 | Build | Farm |
| 13:17 | Build | Farm |
| 13:22 | Create | Skirmisher |
| 13:26 | Create | Villager (Male) |
| 13:34 | Research | Double-Bit Axe |
| 13:35 | Research | Double-Bit Axe |
| 13:35 | Create | Villager (Male) |
| 13:49 | Build | Farm |
| 13:50 | Create | Villager (Male) |
| 14:07 | Create | Skirmisher |
| 14:17 | Research | Padded Archer Armor |
| 14:17 | Research | Padded Archer Armor |
| 14:28 | Create | Skirmisher |
| 14:37 | Create | Skirmisher |
| 14:47 | Create | Villager (Male) |
| 14:48 | Create | Skirmisher |
| 15:24 | Create | Skirmisher |
| 15:36 | Build | Farm |
| 15:38 | Build | Farm |
| 15:50 | Build | Farm |
| 15:53 | Build | Farm |
| 16:10 | Build | Farm |
| 16:14 | Create | Skirmisher |
| 16:38 | Build | Farm |
| 16:40 | Create | Villager (Male) |
| 16:42 | Build | Farm |
| 16:49 | Create | Skirmisher |
| 16:55 | Build | Farm |
| 17:08 | Build | Farm |
| 17:09 | Create | Skirmisher |
| 17:20 | Build | Farm |
| 17:20 | Create | Villager (Male) |
| 17:37 | Build | Market |
| 17:44 | Create | Skirmisher |
| 17:48 | Create | Villager (Male) |
| 17:52 | Build | Farm |
| 17:55 | Create | Skirmisher |
| 18:07 | Build | House |
| 18:30 | Research | Fletching |
| 18:31 | Research | Fletching |
| 18:37 | Create | Villager (Male) |
| 18:41 | Create | Skirmisher |
| 19:04 | Create | Skirmisher |
| 19:06 | Create | Villager (Male) |
| 19:09 | Research | Loom |
| 19:32 | Create | Skirmisher |
| 19:32 | Create | Villager (Male) |
| 19:55 | Create | Villager (Male) |
| 20:11 | Create | Skirmisher |
| 20:16 | Create | Villager (Male) |
| 20:21 | Build | Farm |
| 20:31 | Create | Skirmisher |
| 20:32 | Create | Villager (Male) |
| 20:56 | Create | Villager (Male) |
| 21:01 | Build | House |
| 21:10 | Create | Villager (Male) |
| 21:13 | Research | Wheelbarrow |
| 21:17 | Build | Archery Range |
| 21:29 | Create | Skirmisher |
| 21:36 | Create | Skirmisher |
| 21:39 | Create | Villager (Male) |
| 22:02 | Create | Skirmisher |
| 22:10 | Build | House |
| 22:10 | Create | Villager (Male) |
| 22:32 | Build | Farm |
| 22:33 | Build | Farm |
| 22:39 | Create | Skirmisher |
| 22:53 | Create | Villager (Male) |
| 23:11 | Create | Skirmisher |
| 23:34 | Create | Skirmisher |
| 23:55 | Create | Skirmisher |
| 23:56 | Create | Skirmisher |
| 24:04 | Research | Castle Age |
| 24:04 | Research | Castle Age |
| 24:04 | Research | Castle Age |
| 24:27 | Create | Skirmisher |
| 24:46 | Create | Skirmisher |
| 24:58 | Create | Skirmisher |
| 25:18 | Create | Villager (Male) |
| 25:21 | Create | Archer |
| 25:21 | Create | Skirmisher |
| 25:34 | Create | Spearman |
| 25:42 | Create | Skirmisher |
| 25:42 | Create | Skirmisher |
| 25:50 | Create | Spearman |
| 26:02 | Create | Spearman |
| 26:03 | Create | Villager (Male) |
| 26:23 | Create | Spearman |
| 26:27 | Create | Spearman |
| 26:44 | Age | Castle Age |
| 26:45 | Build | Town Center |
| 26:50 | Create | Spearman |
Match timeline
| 2:48 | Kurminog · first_building Barracks |
| 4:27 | que estas haciendo gonorrea? · wall_segment Palisade Wall x2 |
| 6:58 | que estas haciendo gonorrea? · first_building Barracks |
| 10:01 | que estas haciendo gonorrea? · age_up feudal |
| 10:06 | que estas haciendo gonorrea? · first_building Archery Range |
| 10:43 | Kurminog · age_up feudal |
| 10:49 | Kurminog · first_building Stable |
| 11:22 | Kurminog · wall_segment Palisade Wall x1 |
| 11:23 | Kurminog · wall_segment Palisade Wall x1 |
| 11:25 | Kurminog · wall_segment Palisade Wall x1 |
| 11:43 | Kurminog · wall_segment Palisade Wall x1 |
| 11:45 | Kurminog · wall_segment Palisade Wall x1 |
| 11:50 | Kurminog · wall_segment Palisade Wall x1 |
| 12:24 | Kurminog · first_building Archery Range |
| 18:27 | Kurminog · first_market_sell 100 stone |
| 22:55 | que estas haciendo gonorrea? · first_building Stable |
| 23:23 | Kurminog · first_market_buy 100 food |
| 24:15 | que estas haciendo gonorrea? · first_market_buy 100 food |
| 26:44 | Kurminog · age_up castle |
| 26:58 | que estas haciendo gonorrea? · age_up castle |
| 27:03 | Kurminog · first_building Monastery |
| 28:30 | que estas haciendo gonorrea? · first_building Monastery |
| 29:24 | que estas haciendo gonorrea? · first_building Siege Workshop |
| 35:09 | Kurminog · first_building Castle |
[ AI ANALYSIS · 1 CREDIT ]
What really happened in this match?
Wolo.gg analyzes every decision: build order, eco, micro, common mistakes by bracket. Personalized analysis on WhatsApp or Discord in 30 seconds.
Civ guide
Burgundians
Perfil
Jugador #20332825